 Dungeon Crawl Stone Soup version 0.29.1-15-g9cfb28693d (webtiles) character file.

Game seed: 6799709953549002424

184 BuddhaDhamma the Chopper (level 5, -4/45 HPs)
             Began as a Minotaur Berserker on Mar 24, 2023.
             Was a Believer of Trog.
             Slain by Grinder (7 damage)
             ... on level 3 of the Dungeon.
             The game lasted 00:03:09 (2195 turns).

BuddhaDhamma the Chopper (Minotaur Berserker)       Turns: 2195, Time: 00:03:10

Health: -4/45      AC:  8    Str: 24    XL:     5   Next: 36%
Magic:  4/4        EV: 10    Int:  4    God:    Trog [**....]
Gold:   173        SH:  2    Dex:  9    Spells: 4/4 levels left

rFire   . . .      SeeInvis .   a - +0 hand axe
rCold   . . .      Faith    .   o - +0 buckler
rNeg    . . .      Spirit   .   j - +0 ring mail
rPois   .          Reflect  .   (helmet restricted)
rElec   .          Harm     .   r - +2 cloak
rCorr   .          Rampage  .   (no gloves)
Will    .....                   (no boots)
Stlth   ..........              (no amulet)
HPRegen 0.15/turn               (no ring)
MPRegen 0.09/turn               (no ring)

@: on berserk cooldown, slowed, very slow
A: horns 2, retaliatory headbutt
a: Renounce Religion, Berserk, Trog's Hand


You were on level 3 of the Dungeon.
You worshipped Trog.
Trog was pleased with you.
You visited 1 branch of the dungeon, and saw 3 of its levels.

You collected 173 gold pieces.

Inventory:

Hand Weapons
 a - a +0 hand axe (weapon)
Missiles
 m - 4 poisoned darts (quivered)
Armour
 j - a +0 ring mail (worn)
 o - a +0 buckler (worn)
 r - a +2 cloak (worn)
Jewellery
 c - a +4 ring of slaying
Scrolls
 b - 3 scrolls of magic mapping {unknown}
 e - a scroll of amnesia {unknown}
 f - a scroll of vulnerability {unknown}
 g - 5 scrolls of identify {unknown}
 i - a scroll of enchant weapon {unknown}
 l - 2 scrolls of immolation {unknown}
 n - a scroll of noise {unknown}
Potions
 d - 3 potions of curing {unknown}
 h - a potion of might {unknown}
 k - a potion of magic {unknown}
 p - a potion of mutation {unknown}
 q - a potion of flight {unknown}


   Skills:
 - Level 3.6 Fighting
 + Level 7.4 Axes
 - Level 2.4 Armour
 - Level 2.1 Dodging


You had 4 spell levels left.
You didn't know any spells.
Your spell library was empty.

Dungeon Overview and Level Annotations

Branches:
Dungeon (3/15)

Altars:

Annotations:
D:3 Grinder


Innate Abilities, Weirdness & Mutations

You have a pair of horns on your head.
You reflexively headbutt those who attack you in melee.


Message History

The giant cockroach bites you but does no damage.
Grinder gestures at you. Pain shoots through your body!
The giant cockroach attacks as you move away!
You block the giant cockroach's attack. The giant cockroach barely misses you.
You see here a +0 cloak.
You hit the giant cockroach.
You kill the giant cockroach!
Trog accepts your kill.
You barely miss the kobold. Your headbutt misses the kobold.
The kobold barely misses you. You furiously retaliate!
You headbutt the kobold. You barely miss the kobold.
The kobold is severely wounded.
You hit Grinder. Grinder barely misses you.
The kobold hits you with a +0 dagger. The kobold hits you but does no damage.
Grinder hits you!
* * * LOW HITPOINT WARNING * * *
You writhe in agony.
* * * LOW HITPOINT WARNING * * *
You hit the kobold.
You kill the kobold!
Trog accepts your kill.
You closely miss Grinder.
Grinder blinks!
Found a scroll labelled QAUDEN MOQUNLI.
Grinder blinks!
You see here a +4 ring of slaying.
Found 2 silvery potions.
Grinder blinks!
c - a +4 ring of slaying You hit Grinder.
Grinder is heavily wounded.
Grinder closely misses you. You furiously retaliate!
You headbutt Grinder! Grinder barely misses you.
You barely miss Grinder.
Grinder is severely wounded.
Grinder hits you!
* * * LOW HITPOINT WARNING * * *
You closely miss Grinder. You headbutt Grinder.
Grinder is severely wounded.
Grinder hits you!
You die...

#... #†#.#.#.# #.......
#...#.#.# #......
#.....#.# ###......
#.....#.# ........!
#..##...#
........#######.####..#
.?.........††...# #..#
.........))......# #..#
........@5...........>.
................####.##.
########.......... #.#
.# #..........+..# #
#..........#
#..........# #.........
#........#


You could see Grinder.

Vanquished Creatures
  A black bear (D:3)
  3 adders
  A worm (D:2)
  4 dart slugs
  3 orcs (D:3)
  6 ball pythons
  5 endoplasms
  5 giant cockroaches
  A goblin (D:2)
  3 hobgoblins
  4 jackals (D:2)
  3 bats
  4 frilled lizards
  3 kobolds
  7 rats
53 creatures vanquished.

Notes
Turn   | Place    | Note
-------+----------+-------------------------------------------
     0 | D:1      | BuddhaDhamma the Minotaur Berserker began the quest for the
                  | Orb.
     0 | D:1      | Reached XP level 1. HP: 19/19 MP: 0/0
    17 | D:1      | Found a faded altar of an unknown god.
   309 | D:1      | Reached skill level 4 in Axes
   453 | D:1      | Reached XP level 2. HP: 26/26 MP: 1/1
  1050 | D:2      | Reached skill level 5 in Axes
  1050 | D:2      | Reached XP level 3. HP: 27/31 MP: 2/2
  1633 | D:2      | Reached ** piety under Trog
  1654 | D:2      | Noticed a scorpion
  2009 | D:3      | Reached skill level 6 in Axes
  2009 | D:3      | Reached XP level 4. HP: 39/39 MP: 3/3
  2163 | D:3      | Noticed a black bear
  2166 | D:3      | Noticed Grinder
  2170 | D:3      | Killed a black bear
  2171 | D:3      | Reached skill level 7 in Axes
  2171 | D:3      | Reached XP level 5. HP: 44/45 MP: 4/4
  2195 | D:3      | Slain by Grinder

Illustrated notes

Levels and vault maps discovered:
D:1:      minmay_arrival_solitary_statue, layout_basic,
          hellmonk_ecumenical_altar_lost_god, minmay_misc_feat_roman
D:2:      layout_basic, serial_bayou_pond_e, grunt_ministairs_15,
          lightli_corner_chamber
D:3:      layout_basic, uniq_grinder

Skill      XL: |  1  2  3  4 |
---------------+-------------+-----
Axes           | 4 5 6 7 |  7.4
Fighting       | |  3.6
Armour         | |  2.4
Dodging        | |  2.1

Action                   |  1- 3 |  4- 6 || total
-------------------------+-------+-------++-------
Melee: Hand axe          |    89 |    37 ||   126
       Headbutt          |     9 |     6 ||    15
       Punch             |     1 |       ||     1
Invok: Berserk           |       |     1 ||     1
Armor: Leather armour    |     3 |       ||     3
       Ring mail         |    28 |    18 ||    46
       Animal skin       |     1 |       ||     1
Dodge: Dodged            |    48 |    18 ||    66
Block: Buckler           |     4 |     3 ||     7
